 Dungeon Crawl Stone Soup version 0.23-a0-175-g97aacdb (webtiles) character file.

134 Amnesiac the Chiller (level 4, 0/30 HPs)
             Began as a Mummy Ice Elementalist on Sept 16, 2018.
             Slain by Grinder (7 damage)
             ... while paralysed by Grinder
             ... on level 3 of the Dungeon.
             The game lasted 00:04:33 (1623 turns).

Amnesiac the Chiller (Mummy Ice Elementalist)       Turns: 1623, Time: 00:04:34

Health: 0/30       AC:  4    Str: 11    XL:     4   Next: 95%
Magic:  9/10       EV:  2    Int: 15    God:
Gold:   58         SH:  0    Dex: 12    Spells: 1/11 levels left

rFire    x . .     SeeInvis .   a - +3 dagger (venom)
rCold    + . .     Gourm    .   (no shield)
rNeg     + + +     Faith    .   e - +0 robe
rPois    ∞         Spirit   .   d - +1 helmet
rElec    .         Reflect  .   (no cloak)
rCorr    .         Harm     .   (no gloves)
MR       .....                  (no boots)
Stlth    ++........             (no amulet)
HPRegen  0.10/turn              (no ring)
MPRegen  0.12/turn              (no ring)

@: paralysed
A: no food or potions, fire vulnerability, cold resistance 1, negative energy
resistance 3, torment resistance, unbreathing
a: no special abilities


You were on level 3 of the Dungeon.
You were not hungry.

You visited 1 branch of the dungeon, and saw 4 of its levels.

You collected 58 gold pieces.

Inventory:

Hand Weapons
 a - a +3 dagger of venom (weapon)
 b - a +1 dagger of flaming
Armour
 d - a +1 helmet (worn)
 e - a +0 robe (worn)


   Skills:
 - Level 1.5 Dodging
 - Level 1.5 Stealth
 + Level 4.0 Spellcasting
 - Level 0.7 Conjurations
 * Level 4.2 Ice Magic


You had one spell level left.
You knew the following spells:

 Your Spells              Type           Power        Failure   Level  Hunger
a - Freeze                Ice            ###.         3%          1    N/A
b - Throw Frost           Conj/Ice       ##....       10%         2    N/A
d - Throw Icicle          Conj/Ice       ##......     54%         4    N/A
z - Ozocubu's Armour      Chrm/Ice       #.......     22%         3    N/A

Your spell library contained the following spells:

 Spells                   Type           Power        Failure   Level  Hunger
 Summon Ice Beast         Ice/Summ       #.......     58%         4    N/A

Dungeon Overview and Level Annotations

Branches:
Dungeon (4/15)
 Temple: D:4-7

Altars:

Annotations:
D:3 Grinder


Innate Abilities, Weirdness & Mutations

You do not eat or drink.
Your flesh is vulnerable to fire.
You are immune to poison.
Your flesh is cold resistant. (rC+)
You are immune to negative energy. (rN+++)
You are immune to unholy pain and torment.
You can survive without breathing.


Message History

Grinder hits you!
You closely miss Grinder. Grinder misses you. Grinder hits you.
You hit Grinder.
Grinder is lightly wounded.
Grinder blinks!
Grinder misses you. Grinder gestures at you.
You suddenly lose the ability to move!
Grinder gestures at you.
You shrug off the repeated paralysis!
Grinder hits you.
* * * LOW HITPOINT WARNING * * *
Grinder hits you but does no damage. x3
You can move again.
Unknown command.
Unknown command.
Grinder blinks!
An adder comes into view.
The adder hisses angrily.
Grinder gestures at you.
You suddenly lose the ability to move!
The adder bites you but does no damage. Grinder barely misses you.
The adder bites you but does no damage. Grinder hits you.
* * * LOW HITPOINT WARNING * * *
The adder bites you.
* * * LOW HITPOINT WARNING * * *
Grinder hits you but does no damage. The adder bites you.
* * * LOW HITPOINT WARNING * * *
Grinder blinks!
The adder bites you but does no damage.
You can move again.
Unknown command.
Unknown command.
Unknown command.
Casting: Freeze (safe; 3% risk of failure)
Confirm with . or Enter, or press ? or * to list all spells.
Aiming: Freeze (safe; 3% risk of failure)
Press: ? - help, Shift-Dir - straight line, f - adder
Aim: an adder You freeze the adder.
The adder is lightly wounded.
The adder bites you.
* * * LOW HITPOINT WARNING * * *
Casting: Freeze (safe; 3% risk of failure)
Confirm with . or Enter, or press ? or * to list all spells.
Aiming: Freeze (safe; 3% risk of failure)
Press: ? - help, Shift-Dir - straight line, f/p - adder
Aim: an adder (lightly wounded)
You freeze the adder.
The adder seems to slow down.
The adder is severely wounded.
The adder closely misses you.
Grinder is no longer moving quickly.
Grinder drinks a potion.
Grinder seems to speed up.
Grinder blinks!
Found 23 arrows.
The adder is no longer moving slowly.
Grinder hits you but does no damage.
You see here 23 arrows.
Grinder gestures at you.
You suddenly lose the ability to move!
Grinder gestures at you. You resist with significant effort. Grinder hits you!
You die...

######## . ##### #...@5S#
# # #... #.####.##.#
#####.# #.# #.S...#
......#######.###..######
.........................
..........###.###........
..........###......######
..............####......
..............# #..####


You could see Grinder and an adder.

Vanquished Creatures
  2 orc wizards (D:3)
  Robin (D:3)
  2 adders (D:3)
  An ooze (D:1)
  A leopard gecko (D:3)
  6 orcs (D:3)
  14 goblins
  8 hobgoblins
  2 kobolds (D:3)
  A bat (D:2)
  A rat (D:1)
39 creatures vanquished.

Notes
Turn   | Place    | Note
-------+----------+-------------------------------------------
     0 | D:1      | Amnesiac the Mummy Ice Elementalist began the quest for the
                  | Orb.
     0 | D:1      | Reached XP level 1. HP: 13/13 MP: 4/4
   166 | D:2      | Noticed an ogre
   171 | D:1      | Reached XP level 2. HP: 19/19 MP: 1/5
   175 | D:1      | Learned a level 2 spell: Throw Frost
   455 | D:3      | Reached XP level 3. HP: 24/24 MP: 4/7
   463 | D:3      | Learned a level 3 spell: Ozocubu's Armour
   649 | D:3      | Noticed Robin
   699 | D:3      | Reached XP level 4. HP: 12/30 MP: 0/9
   782 | D:3      | Learned a level 4 spell: Throw Icicle
  1181 | D:3      | Killed Robin
  1584 | D:3      | Noticed Grinder
  1586 | D:3      | Paralysed by Grinder for 2 turns
  1596 | D:3      | Paralysed by Grinder for 5 turns
  1607 | D:3      | Paralysed by Grinder for 5 turns
  1621 | D:3      | Paralysed by Grinder for 5 turns
  1623 | D:3      | Slain by Grinder

Vault maps used:
D:1:      mrwooster_arrival_statue_2
D:2:      chequers_ecumenical_altar_grove, minmay_randomly_rotated_circles,
          uniq_terence
D:3:      serial_aquarium, aquarium_bridge_square,
          aquarium_bridge_long_separate, aquarium_window_corner,
          aquarium_window_corridor_1, aquarium_window_2, aquarium_view_2b,
          aquarium_view_2e, aquarium_balcony_3a, uniq_robin, uniq_grinder
D:4:      lemuel_doored_altar, minmay_temple_entry_nine_rooms,
          lightli_ossuary_entry_decrepit_ruins, uniq_menkaure, uniq_edmund,
          uniq_blork_the_orc

Skill      XL: |  1  2  3  4 |
---------------+-------------+-----
Ice Magic      | 3 4 |  4.2
Spellcasting   | 3 4 |  4.0
Dodging        | |  1.5
Stealth        | |  1.5
Conjurations   | |  0.7

Action                   |  1- 3 |  4- 6 || total
-------------------------+-------+-------++-------
Melee: Dagger            |    12 |     2 ||    14
 Cast: Freeze            |    36 |    33 ||    69
  Use: Scroll            |       |     3 ||     3
Armor: Robe              |     1 |    18 ||    19
Dodge: Dodged            |    18 |    20 ||    38

Table legend:
 A = Non-vault XP
 B = Vault XP
 C = Vault XP percentage of total XP
 D = Non-vault monster count
 E = Vault monster count
 F = Vault count percentage of total count
                 A         B        C        D         E       F
            +---------+---------+-------+---------+---------+-------
      Total |     154 |      38 |  19.8 |      26 |      13 |  33.3
            +---------+---------+-------+---------+---------+-------
        D:1 |      12 |       0 |   0.0 |       4 |       0 |   0.0
        D:2 |       3 |       0 |   0.0 |       2 |       0 |   0.0
        D:3 |     139 |      38 |  21.5 |      20 |      13 |  39.4
            +---------+---------+-------+---------+---------+-------
